 Dungeon Crawl Stone Soup version 0.31-a0-354-g827e0957a7 (webtiles) character file.

Game seed: 363451138553174522

1744 MacCMillion the Grappler (level 9, -1/68 HPs)
             Began as a Merfolk Shapeshifter on July 24, 2023.
             Was a Priest of Okawaru.
             Slain by an orc
             ... wielding a +0 short sword
              (2 damage)
             ... on level 7 of the Dungeon.
             The game lasted 00:08:30 (7094 turns).

MacCMillion the Grappler (Merfolk Shapeshifter)     Turns: 7094, Time: 00:08:31

Health: -1/68      AC:  5    Str: 19    XL:     9   Next: 6%
Magic:  9/9        EV: 13    Int:  7    God:    Okawaru [***...]
Gold:   375        SH:  0    Dex: 15    Spells: 8/8 levels left

rFire   . .          .
                       - Unarmed
rCold   . . .        (no shield)
rNeg    . . .        k - +0 ring mail
rPois   .            (helmet currently unavailable)
rElec   .            (cloak currently unavailable)
rCorr   .            (gloves currently unavailable)
SInv    .            (boots currently unavailable)
Will    .....        (no amulet)
Stlth   +            (no ring)
HPRegen 0.31/turn    (no ring)
MPRegen 0.11/turn

%: no passive effects
@: about to teleport, beast-form
A: beast (slay +4), (nimble swimmer 2), mertail
a: Begin Untransformation, Renounce Religion, Heroism


You were on level 7 of the Dungeon.
You worshipped Okawaru.
Okawaru was most pleased with you.
You were a hulking beast.
You visited 2 branches of the dungeon, and saw 8 of its levels.

You collected 375 gold pieces.

Inventory:

Armour
 k - a +0 ring mail (worn)
Jewellery
 f - an amulet of faith
 v - a ring of wizardry
 D - a +5 ring of evasion
Talismans
 c - a beast talisman
 i - a dragon-blood talisman
 j - a blade talisman
Wands
 a - a wand of charming (21)
 s - a wand of polymorph (12)
Scrolls
 d - 2 scrolls of fear {unknown}
 e - 3 scrolls of identify {unknown}
 m - a scroll of brand weapon {unknown}
 n - a scroll of teleportation
 u - a scroll of acquirement {unknown}
 y - 2 scrolls of revelation {unknown}
 B - a scroll of torment {unknown}
Potions
 b - 2 potions of lignification
 g - 2 potions of enlightenment
 h - a potion of cancellation {unknown}
 l - 2 potions of berserk rage {unknown}
 o - 2 potions of ambrosia {unknown}
 p - a potion of mutation {unknown}
 r - a potion of heal wounds {unknown}
 t - 2 potions of degeneration {unknown}
 w - a potion of invisibility {unknown}
 x - a potion of magic {unknown}
 z - 2 potions of might {unknown}
 A - a potion of curing
 C - a potion of brilliance {unknown}
Miscellaneous
 q - a phantom mirror


   Skills:
 + Level 5.0 Fighting
 + Level 6.4 Dodging
 + Level 9.4 Unarmed Combat
 + Level 6.5 Shapeshifting


You had 8 spell levels left.
You didn't know any spells.
Your spell library contained the following spells:

 Spells                   Type           Power      Damage    Failure   Level
 Foxfire                  Conj/Fire      0%         2x1d4     63%         1
 Blink                    Tloc           0%         N/A       77%         2
 Cigotuvi's Dreadful Rot  Necr/Pois/Air  0%         N/A       77%         2
 Ensorcelled Hibernation  Hex/Ice        0%         N/A       77%         2
 Lesser Beckoning         Tloc           0%         N/A       77%         2
 Momentum Strike          Conj/Tloc      0%         3d8       77%         2
 Passwall                 Tmut/Erth      0%         N/A       77%         2
 Dazzling Flash           Conj/Hex       0%         N/A       94%         3
 Gell's Gravitas          Tloc           0%         N/A       94%         3
 Hailstorm                Conj/Ice       0%         3d3       94%         3
 Ignite Poison            Fire/Tmut/Pois 0%         N/A       94%         3
 Swiftness                Air            0%         N/A       94%         3
 Teleport Other           Tloc           0%         N/A       94%         3
 Volatile Blastmotes      Fire/Tloc      0%         2d10      94%         3
 Freezing Cloud           Conj/Ice/Air   0%         6-21      100%        5
 Plasma Beam              Fire/Air       0%         2x1d10    100%        6
 Starburst                Conj/Fire      0%         6d3       100%        6
 Maxwell's Capacitive Co  Air            0%         ∞         100%        8
 Summon Ice Beast         Ice/Summ       Unusable   N/A       N/A         4
 Simulacrum               Ice/Necr       Unusable   N/A       N/A         6

Dungeon Overview and Level Annotations

Branches:
Dungeon (7/15)             Temple (1/1) D:5

Altars:
Ashenzari
Cheibriados
Elyvilon
Fedhas
Gozag
Hepliaklqana
Kikubaaqudgha
Makhleb
Nemelex Xobeh
Okawaru
Ru
Sif Muna
Trog
Uskayaw
Vehumet
Wu Jian
Xom
Zin
The Shining One

Shops:
D:1 [

Portals:
Abyss: D:5

Annotations:
D:2 Sigmund
D:5 2 transporters, bezhaha's ghost, novice DgAE


Innate Abilities, Weirdness & Mutations

You are a hulking beast.
Your limbs bulge with bestial killing power. (Slay +4)
((You are very nimble when in or above water. (Stealth+, EV+, Speed+++)))
Your lower body shifts to a powerful aquatic tail in water.


Message History

The orc warrior barely misses you.
The hound barks!
You punch the orc warrior!
The orc warrior is heavily wounded.
You barely miss the orc warrior.
The orc warrior is heavily wounded.
You hit the orc warrior.
The orc warrior is heavily wounded.
The orc warrior hits you with a +0 halberd!
The orc hits you but does no damage.
You hit the orc warrior but do no damage.
The orc warrior is heavily wounded.
The orc warrior closely misses you. The orc hits you with a +0 short sword.
You hit the orc warrior but do no damage.
The orc warrior is heavily wounded.
The orc warrior barely misses you.
The orc hits you with a +0 short sword. x2
You hit the orc warrior.
The orc warrior is severely wounded.
The orc warrior hits you with a +0 halberd!
The orc misses you. The orc hits you with a +0 short sword.
You hit the orc warrior but do no damage.
The orc warrior is severely wounded.
You hit the orc warrior. Your punch misses the orc warrior.
The orc warrior is severely wounded.
The orc warrior closely misses you. The orc hits you with a +0 short sword.
The orc hits you but does no damage.
Unknown command.
You hit the orc warrior but do no damage.
You punch the orc warrior!
The orc warrior is almost dead.
The orc warrior hits you with a +0 halberd.
* * * LOW HITPOINT WARNING * * *
The orc hits you but does no damage. The orc hits you with a +0 short sword.
* * * LOW HITPOINT WARNING * * *
As you read the scroll of teleportation, it crumbles to dust.
You feel strangely unstable.
The orc warrior hits you with a +0 halberd!
* * * LOW HITPOINT WARNING * * *
The orc hits you but does no damage. The orc hits you with a +0 short sword.
You die...

# ..... ####..#
.
.....###....##
..
#..?.........#
.##
#...........#
#.......##
..#........#
..........o##
...#......ho###
..#.......ooh.#
. ##..#....o###
#####..### ####


You could see an orc warrior, a hound and 4 orcs.

Vanquished Creatures
  Prince Ribbit (D:5)
  Eustachio (D:6)
  Duvessa (D:5)
  2 black bears
  An orc warrior (D:6)
  2 ogres
  A centaur (D:6)
  A phantom (D:6)
  A kobold brigand (D:6)
  2 scorpions (D:4)
  Dowan (D:5)
  3 hounds
  3 jellies
  An orc priest (D:5)
  3 iguanas (D:6)
  An orc wizard (D:6)
  A gnoll (D:1)
  9 adders
  A white imp (D:6)
  An ufetubus (D:5)
  A worm (D:5)
  A dart slug (D:5)
  7 orcs
  6 ball pythons
  5 endoplasms
  2 goblins
  5 hobgoblins
  7 jackals
  2 quokkas
  2 bats
  9 kobolds
  4 rats
88 creatures vanquished.

Notes
Turn   | Place    | Note
-------+----------+-------------------------------------------
     0 | D:1      | MacCMillion the Merfolk Shapeshifter began the quest for
                  | the Orb.
     0 | D:1      | Reached XP level 1. HP: 15/15 MP: 1/1
    47 | D:1      | Reached XP level 2. HP: 19/21 MP: 2/2
   294 | D:1      | Reached skill level 4 in Unarmed Combat
   336 | D:1      | Found Vanaj's Antique Armour Boutique.
  1176 | D:2      | Reached XP level 3. HP: 26/26 MP: 3/3
  1380 | D:2      | Noticed Sigmund
  1819 | D:2      | Found a sparkling altar of Nemelex Xobeh.
  2476 | D:3      | Reached skill level 5 in Unarmed Combat
  2490 | D:3      | Reached XP level 4. HP: 32/32 MP: 4/4
  3221 | D:4      | Reached XP level 5. HP: 35/37 MP: 5/5
  3377 | D:4      | Reached skill level 6 in Unarmed Combat
  3572 | D:4      | Reached skill level 7 in Unarmed Combat
  3572 | D:4      | Reached XP level 6. HP: 21/43 MP: 6/6
  3960 | D:5      | Entered Level 5 of the Dungeon
  4032 | D:5      | Found a staircase to the Ecumenical Temple.
  4040 | D:5      | Noticed a black bear
  4042 | Temple   | Entered the Ecumenical Temple
  4057 | Temple   | Became a worshipper of Warmaster Okawaru
  4080 | D:5      | Killed a black bear
  4102 | D:5      | Reached skill level 8 in Unarmed Combat
  4217 | D:5      | Reached * piety under Okawaru
  4218 | D:5      | Reached XP level 7. HP: 32/49 MP: 7/7
  4774 | D:5      | Noticed Dowan
  4942 | D:5      | Noticed Prince Ribbit
  4948 | D:5      | Killed Prince Ribbit
  4949 | D:5      | Reached skill level 5 in Shapeshifting
  4998 | D:5      | Noticed Duvessa
  5010 | D:5      | Killed Duvessa
  5011 | D:5      | Reached XP level 8. HP: 27/58 MP: 8/8
  5014 | D:5      | Killed Dowan
  5014 | D:5      | Reached ** piety under Okawaru
  5230 | D:5      | Found a transporter.
  5246 | D:5      | Found a one-way gate to the infinite horrors of the Abyss.
  5246 | D:5      | Noticed bezhaha's ghost (novice DgAE)
  5247 | D:5      | Noticed an ancient zyme
  5272 | D:5      | Found a transporter.
  5520 | D:6      | Noticed Eustachio
  5536 | D:6      | Killed Eustachio
  5537 | D:6      | Reached skill level 5 in Dodging
  6159 | D:6      | Reached skill level 9 in Unarmed Combat
  6724 | D:6      | Reached *** piety under Okawaru
  6725 | D:6      | Reached XP level 9. HP: 59/67 MP: 9/9
  6974 | D:7      | Reached skill level 5 in Fighting
  7094 | D:7      | HP: 1/68 [orc warrior/+0 halberd (15)]
  7094 | D:7      | Slain by an orc

Illustrated notes

Levels and vault maps discovered:
D:1:      lightli_arrival_lavapool, layout_basic, serial_shops,
          nicolae_shop_back_alley_shop, serial_curves, eino_curves_04,
          eino_curves_03
D:2:      layout_basic, basic_altar, uniq_sigmund
D:3:      layout_loops_ring, minmay_checkerbox
D:4:      layout_basic
D:5:      layout_loops_ring, minmay_temple_entry_tees,
          gammafunk_ghost_abyssal_escape, uniq_prince_ribbit1, uniq_duvessa
D:6:      layout_loops_cross, uniq_eustachio
D:7:      layout_cave_pools
Temple:   hellmonk_temple_of_storms

Skill      XL: |  1  2  3  4  5  6  7  8  9 |
---------------+----------------------------+-----
Unarmed Combat | 4 5 7 8 9 |  9.4
Dodging        | 3 4 6 |  6.4
Fighting       | 3 4 5 |  5.0
Shapeshifting  | 5 6 |  6.5

Action                     |  1- 3 |  4- 6 |  7- 9 || total
---------------------------+-------+-------+-------++-------
  Melee: Unarmed           |    67 |    78 |   151 ||   296
         Punch             |       |     2 |     6 ||     8
    Use: Potion            |       |     2 |       ||     2
         Scroll            |       |       |     2 ||     2
 Armour: Animal skin       |     3 |       |       ||     3
         Ring mail         |    22 |    13 |    44 ||    79
  Dodge: Dodged            |    38 |    40 |    92 ||   170

Table legend: (Time is in decaauts)
 A = Elapsed time spent in this place.
 B = Non-inter-level travel time spent in this place.
 C = Inter-level travel time spent in this place.
 D = Time resting spent in this place.
 E = Time spent auto-exploring this place.
 F = Levels seen in this place.
 G = Mean time per level.
                   A        B        C        D        E       F      G
               +--------+--------+--------+--------+--------+-----+--------+
         Total |   7059 |   6472 |    587 |   1772 |   3731 |   8 |  882.4 |
       Dungeon |   7027 |   6440 |    587 |   1772 |   3731 |   7 | 1003.9 |
        Temple |     31 |     31 |      0 |      0 |      0 |   1 |   31.0 |
               +--------+--------+--------+--------+--------+-----+--------+

Top non-repeatable levels by time:
     D:5: 1804 daAuts
     D:1: 1780 daAuts
     D:6: 1030 daAuts
     D:4: 962 daAuts
     D:3: 660 daAuts
     D:2: 615 daAuts
     D:7: 173 daAuts
  Temple: 31 daAuts
